 Dungeon Sprint DCSS version 0.20.1-1-g8b1a95d (webtiles) character file.

442 Mitsuki the Covert (level 6, -2/35 HPs)
             Began as a Spriggan Assassin on Sept 25, 2017.
             Was an Initiate of Okawaru.
             Slain by Sonja
             ... wielding a +2 short sword of venom
              (8 damage)
             ... in the Dungeon (Sprint I: "Red Sonja").
             The game lasted 00:02:37 (457 turns).

Mitsuki the Covert (Spriggan Assassin)               Turns: 457, Time: 00:02:38

Health: -2/35      AC:  3    Str:  7    XL:     6   Next: 71%
Magic:  7/7        EV: 26    Int: 12    God:    Okawaru [......]
Gold:   311        SH:  0    Dex: 20    Spells: 5/5 levels left

rFire    . . .     SeeInvis +   a - +2 dagger
rCold    . . .     Gourm    .   (shield restricted)
rNeg     . . .     Faith    .   o - +0 robe {MR+}
rPois    .         Spirit   .   (helmet restricted)
rElec    .         Reflect  .   d - +0 cloak
rCorr    .         Harm     .   (gloves unavailable)
MR       ++...     NoTele   +   (boots unavailable)
Stlth    ++++++....             (no amulet)
Regen    0.2/turn               (no ring)
MPRegen  0.1/turn               (no ring)

@: lethally poisoned (-2 -> -34), slowed, quick
A: unfitting armour, see invisible, herbivore 3, speed 3, slow metabolism 2
a: Renounce Religion


You were in the Dungeon.
You worshipped Okawaru.
Okawaru was noncommittal.
You were not hungry.

You visited 1 branch You collected 311 gold pieces.

Inventory:

Hand Weapons
 a - a +2 dagger (weapon)
 b - a +0 blowgun
Missiles
 e - 6 poisoned needles
 f - 2 curare-tipped needles
Armour
 d - a +0 cloak (worn)
 o - a +0 robe of magic resistance (worn)
Wands
 n - a wand of random effects (19/48)
Scrolls
 c - a scroll of immolation {unknown}
 m - a scroll of blinking
 p - a scroll of remove curse {unknown}
Potions
 i - a potion of heal wounds
 j - a potion of haste
 k - 2 potions of magic
 l - a potion of berserk rage
Comestibles
 g - a bread ration


   Skills:
 + Level 5.6 Fighting
 + Level 7.4 Short Blades
 - Level 2.0 Throwing
 + Level 9.3 Dodging
 * Level 14.4 Stealth


You had 5 spell levels left.
You didn't know any spells.

Dungeon Overview and Level Annotations

Branches:
Dungeon (1/1)

Altars:
Cheibriados
Dithmenos
Elyvilon
Fedhas
Gozag
Hepliaklqana
Kikubaaqudgha
Nemelex Xobeh
Okawaru
Qazlal
Ru
Sif Muna
Trog
Uskayaw
Vehumet
Yredelemnul
Zin
The Shining One

Shops:
D [

Annotations:
D Sonja


Innate Abilities, Weirdness & Mutations

You are very small and have problems with some larger weapons.
You are too small for most types of armour.
You have supernaturally acute eyesight. (SInv)
You are a herbivore.
You cover ground extremely quickly.
You need consume almost no food.


Message History

Sonja unwields an uncursed enchanted blowgun.
Sonja wields an uncursed short sword of venom.
It begins to drip with poison!
Sonja hits you with an uncursed short sword of venom!
You are poisoned.
Sonja hits you with an uncursed short sword of venom.
You are lethally poisoned!
Sonja hits you with an uncursed short sword of venom.
* * * LOW HITPOINT WARNING * * *
You are more poisoned.
You hit Sonja but do no damage.
* * * LOW HITPOINT WARNING * * *
You feel sick.
Sonja says, "I'm academy-trained, you know."
Sonja hits you with an uncursed short sword of venom.
* * * LOW HITPOINT WARNING * * *
You are more poisoned.
Sonja barely misses you.
Sonja hits you with an uncursed short sword of venom!
You die...

################
#<.#.)'..#.['..#
#..'..#.)'..#..+
#..#####'#####'#
#..####..#...#.#
#..#__####K.##.#
#..#_____##'#@.+
#⌠⌠#_.∩...'.K._#
####_..__##_(#'#
#_____###'#.#
####### #.###
$.$ $.$ ##(##
#+#


You could see Sonja.

Vanquished Creatures
  Sigmund (D)
  A yak (D)
  An ogre (D)
  A jelly (D)
  Ijyb (D)
5 creatures vanquished.

Notes
Turn   | Place    | Note
-------+----------+-------------------------------------------
     0 | D        | Mitsuki the Spriggan Assassin began the quest for the Orb.
     0 | D        | Reached XP level 1. HP: 10/10 MP: 2/2
     2 | D        | Noticed Ijyb
     4 | D        | Killed Ijyb
     4 | D        | Reached skill level 8 in Stealth
     4 | D        | Reached XP level 2. HP: 16/16 MP: 3/3
     7 | D        | Noticed an ogre
    10 | D        | Killed an ogre
    10 | D        | Reached skill level 5 in Dodging
    10 | D        | Reached skill level 10 in Stealth
    10 | D        | Reached XP level 3. HP: 20/20 MP: 4/4
    10 | D        | Reached XP level 4. HP: 25/25 MP: 5/5
   119 | D        | Noticed Sigmund
   122 | D        | Killed Sigmund
   122 | D        | Reached skill level 13 in Stealth
   122 | D        | Reached XP level 5. HP: 30/30 MP: 6/6
   122 | D        | Reached XP level 6. HP: 35/35 MP: 7/7
   146 | D        | Found a deep blue altar of Sif Muna.
   148 | D        | Found a radiant altar of Vehumet.
   156 | D        | Reached skill level 5 in Fighting
   423 | D        | Found Hyakhlaehi's Armour Emporium.
   423 | D        | Found an ancient bone altar of Kikubaaqudgha.
   423 | D        | Found a hazy altar of Hepliaklqana.
   423 | D        | Found a stormy altar of Qazlal.
   423 | D        | Found a hide-covered altar of Uskayaw.
   423 | D        | Found a blossoming altar of Fedhas.
   423 | D        | Found a bloodstained altar of Trog.
   423 | D        | Found an iron altar of Okawaru.
   423 | D        | Found a basalt altar of Yredelemnul.
   423 | D        | Found a glowing golden altar of the Shining One.
   423 | D        | Found a snail-covered altar of Cheibriados.
   423 | D        | Found a sacrificial altar of Ru.
   423 | D        | Found a glowing silver altar of Zin.
   423 | D        | Found a shadowy altar of Dithmenos.
   423 | D        | Found a white marble altar of Elyvilon.
   423 | D        | Noticed a yak
   424 | D        | Found an opulent altar of Gozag.
   425 | D        | Killed a yak
   425 | D        | Reached skill level 14 in Stealth
   426 | D        | Found a sparkling altar of Nemelex Xobeh.
   431 | D        | Became a worshipper of Warmaster Okawaru
   447 | D        | Noticed Sonja
   457 | D        | Slain by Sonja

Skill      XL: |  1  2  3  4  5  6 |
---------------+-------------------+-----
Fighting       | 2 3 4 5 |  5.6
Short Blades   | 3 4 6 7 |  7.4
Dodging        | 3 5 8 9 |  9.3
Stealth        | 8 10 13 14 | 14.4
Throwing       | |  2.0

Action                   |  1- 3 |  4- 6 || total
-------------------------+-------+-------++-------
Melee: Dagger            |     2 |    10 ||    12
 Fire: Blowgun           |       |     2 ||     2
  Use: Potion            |       |     1 ||     1
 Stab: Sleeping          |     2 |     2 ||     4
Dodge: Dodged            |       |     7 ||     7
